 Dungeon Crawl Stone Soup version 0.19.5 (webtiles) character file.

108 tidbits the Cutter (level 4, 0/31 HPs)
             Began as a High Elf Wanderer on Oct 31, 2017.
             Was an Initiate of Ashenzari.
             Slain by a scorpion (4 damage)
             ... on level 3 of the Dungeon.
             The game lasted 00:08:50 (1268 turns).

tidbits the Cutter (High Elf Wanderer)              Turns: 1268, Time: 00:08:51

Health: 0/31       AC:  7    Str: 10    XL:     4   Next: 58%
Magic:  5/5        EV: 11    Int: 13    God:    Ashenzari [......]
Gold:   103        SH:  0    Dex: 19    Spells: 0 memorised, 3 levels left

rFire  . . .     SeeInvis .     a - +2 short sword (curse)
rCold  . . .     Gourm    .     B - +0 ring mail
rNeg   . . .     Faith    .     (no shield)
rPois  .         Spirit   .     E - +0 helmet
rElec  .         Reflect  .     C - +0 cloak
rCorr  .         Harm     .     (no gloves)
MR     .....                    (no boots)
Stlth  +.........               (no amulet)
                                (no ring)
                                (no ring)

@: lethally poisoned (0 -> -8)
A: no striking features
a: Curse Item, Renounce Religion


You were on level 3 of the Dungeon.
You worshipped Ashenzari.
Ashenzari was noncommittal.
You were not hungry.

You visited 1 branch of the dungeon, and saw 4 of its levels.

You collected 123 gold pieces.
You spent 20 gold pieces at shops.

Inventory:

Hand Weapons
 a - a cursed +2 short sword (weapon)
 s - a +0 falchion
   (You found it on level 3 of the Dungeon)
 t - a +0 hunting sling
   (You took it off a goblin on level 3 of the Dungeon)
Missiles
 n - 7 sling bullets
 o - 28 stones (quivered)
Armour
 B - a +0 ring mail (worn)
 C - a +0 cloak (worn)
   (You found it on level 2 of the Dungeon)
 E - a +0 helmet (worn)
   (You found it on level 2 of the Dungeon)
Scrolls
 d - a scroll of recharging {unknown}
 h - 2 scrolls of magic mapping
 j - a scroll of noise {unknown}
 l - a scroll of blinking {unknown}
 m - a scroll of amnesia {unknown}
 q - a scroll of teleportation {unknown}
Potions
 b - 3 potions of lignification
 e - a potion of haste
 g - a potion of curing
 k - 2 potions of might {unknown}
 p - a potion of agility
Comestibles
 c - 2 bread rations
 f - a beef jerky
 r - a meat ration


   Skills:
 - Level 3.1 Fighting
 - Level 3.6(4.2) Short Blades
 + Level 3.2(4.0) Long Blades
   Level 1.3 Bows
 - Level 1.0 Throwing
 - Level 1.0 Armour
 - Level 2.6 Dodging
   Level 1.0 Evocations


You had 3 spell levels left.
You didn't know any spells.

Dungeon Overview and Level Annotations

Branches:
Dungeon (4/15)
 Temple: D:4-7

Altars:
Ashenzari
Gozag
Nemelex Xobeh
Sif Muna
The Shining One

Shops:
D:4 (*


Message History

You hit the howler monkey.
The howler monkey is moderately wounded.
The howler monkey closely misses you.
You closely miss the howler monkey.
The howler monkey is moderately wounded.
The howler monkey hoots and howls with incredible vigour!
You closely miss the howler monkey.
The howler monkey is moderately wounded.
The howler monkey hits you but does no damage.
You barely miss the howler monkey.
The howler monkey is moderately wounded.
The howler monkey hits you.
The howler monkey hits you but does no damage.
You hit the howler monkey.
The howler monkey is moderately wounded.
The howler monkey hits you.
You hit the howler monkey.
The howler monkey is severely wounded.
The howler monkey closely misses you.
You hit the howler monkey.
The howler monkey is severely wounded.
The howler monkey barely misses you.
You hit the howler monkey.
The howler monkey is almost dead.
The howler monkey hoots and howls with incredible vigour!
You closely miss the howler monkey.
The howler monkey is almost dead.
The howler monkey closely misses you.
You completely miss the howler monkey.
The howler monkey is almost dead.
The howler monkey barely misses you.
You closely miss the howler monkey.
The howler monkey is almost dead.
The howler monkey barely misses you.
You hit the howler monkey.
You kill the howler monkey!
Your base Long Blades skill increases to level 3!
No target in view!
You climb downwards.
A scorpion comes into view.
There is a stone staircase leading up here.
The scorpion stings you!
You are poisoned.
The scorpion poisons you!
You climb upwards.
You feel sick.
There is a stone staircase leading down here.
You hit the scorpion but do no damage.
You feel sick. The scorpion barely misses you.
You hit the scorpion.
The scorpion is lightly wounded.
The scorpion misses you.
You closely miss the scorpion.
The scorpion is lightly wounded.
You feel sick. The scorpion closely misses you.
You hit the scorpion.
The scorpion is lightly wounded.
You feel sick. The scorpion stings you.
* * * LOW HITPOINT WARNING * * *
You are too injured to fight recklessly!
You are too injured to fight recklessly!
You are too injured to fight recklessly!
You are too injured to fight recklessly!
You are too injured to fight recklessly!
You are too injured to fight recklessly!
You are too injured to fight recklessly!
You hit the scorpion.
The scorpion is moderately wounded.
You closely miss the scorpion.
The scorpion is moderately wounded.
You feel sick. The scorpion completely misses you.
You hit the scorpion.
The scorpion is heavily wounded.
The scorpion stings you.
* * * LOW HITPOINT WARNING * * *
You are lethally poisoned!
The scorpion poisons you!
You completely miss the scorpion.
The scorpion is heavily wounded.
* * * LOW HITPOINT WARNING * * *
You feel sick. The scorpion misses you.
It was a potion of curing.
You feel better. The scorpion misses you.
You closely miss the scorpion.
The scorpion is heavily wounded.
The scorpion stings you.
* * * LOW HITPOINT WARNING * * *
You hit the scorpion.
The scorpion is heavily wounded.
The scorpion stings you.
* * * LOW HITPOINT WARNING * * *
You hit the scorpion.
The scorpion is severely wounded.
The scorpion stings you.
* * * LOW HITPOINT WARNING * * *
You are lethally poisoned!
The scorpion poisons you!
You hit the scorpion.
The scorpion is severely wounded.
* * * LOW HITPOINT WARNING * * *
You feel sick. The scorpion stings you.
You die...

#. #.# .######.
#. #.##.#.....>
#.########
#.#..#.#####
#........#
#.#<##.#
#..#####.#
#.#.##.#
#......#.#
#†#.##.#
##.###.#.#
#.#.##.#####
#####...##.#s#
#...........
#........#.#@#
###.#..###..
#.###....#.#.#
#.....# #..
####.#.#..#.#
###.###.# #>.
..........###..
... #.# #..
..###.####.#
#####.###.# #..
#.# #.#
#.....###.. #..
.#
#####.........
### #
#...††..######
#.###.......#


You could see a scorpion.

Vanquished Creatures
  A howler monkey (D:3)
  An adder (D:2)
  3 oozes
  2 dart slugs
  A leopard gecko (D:4)
  An orc (D:3)
  A ball python (D:3)
  3 giant cockroaches
  3 goblins
  3 hobgoblins
  4 jackals (D:3)
  A quokka (D:3)
  6 bats
  5 frilled lizards
  5 kobolds
  5 rats
45 creatures vanquished.

Notes
Turn   | Place    | Note
-------+----------+-------------------------------------------
     0 | D:1      | tidbits the High Elf Wanderer began the quest for the Orb.
     0 | D:1      | tidbits set off with: a +2 short sword, a potion of lignification, a +0 ring mail, a bread ration
     0 | D:1      | Reached XP level 1. HP: 14/14 MP: 2/2
   164 | D:1      | Reached XP level 2. HP: 12/20 MP: 3/3
   416 | D:2      | Reached skill level 2 in Dodging
   561 | D:2      | Reached XP level 3. HP: 25/25 MP: 4/4
   614 | D:2      | Reached skill level 3 in Fighting
   665 | D:2      | Found a sparkling altar of Nemelex Xobeh.
   666 | D:2      | Found an opulent altar of Gozag.
   668 | D:2      | Found a shattered altar of Ashenzari.
   679 | D:2      | Found a deep blue altar of Sif Muna.
   690 | D:2      | Became a worshipper of Ashenzari the Shackled
   937 | D:4      | Noticed a phantom
   940 | D:4      | Noticed a phantom
   982 | D:3      | Reached skill level 1 in Long Blades
  1066 | D:3      | Found a glowing golden altar of the Shining One.
  1166 | D:4      | Reached XP level 4. HP: 31/31 MP: 5/5
  1180 | D:4      | Found Minteor's General Store.
  1186 | D:4      | Bought a scroll of identify for 20 gold pieces
  1190 | D:4      | Reached skill level 2 in Long Blades
  1209 | D:4      | Found Pacutune's Weapon Shop.
  1251 | D:3      | Reached skill level 3 in Long Blades
  1268 | D:3      | Slain by a scorpion

Skill      XL: |  1  2  3  4 |
---------------+-------------+-----
Dodging        | 2 |  2.6
Fighting       | 3 |  3.1
Long Blades    | 1 3 |  3.2
Short Blades   | |  3.6
Bows           | |  1.3
Throwing       | |  1.0
Armour         | |  1.0
Evocations     | |  1.0

Action                   |  1- 3 |  4- 6 || total
-------------------------+-------+-------++-------
Melee: Short sword       |   140 |    29 ||   169
Throw: Stone             |     2 |       ||     2
Invok: Curse Item        |     1 |       ||     1
  Use: Scroll            |     1 |     2 ||     3
       Potion            |       |     1 ||     1
  Eat: Chunk             |     1 |       ||     1
Armor: Ring mail         |    75 |     7 ||    82
Dodge: Dodged            |    86 |    13 ||    99

Table legend:
 A = Turns spent in this place as a percentage of turns spent in the entire game.
 B = Non-inter-level travel turns spent in this place as a percentage of non-inter-level travel turns spent in the entire game.
 C = Inter-level travel turns spent in this place as a percentage of turns spent in this place.
 D = Turns resting spent in this place as a percentage of non-inter-level travel turns spent in this place.
 E = Turns spent auto-exploring this place as a percentage of non-inter-level travel turns spent in this place.
 F = Non-inter-level travel turns spent in this place divided by the number of levels of this place that you've seen.
                   A       B       C       D       E      F
               +-------+-------+-------+-------+-------+----------------------
         Total | 100.0 | 100.0 |   0.0 |   0.0 |   0.0 | 269.0
       Dungeon | 100.0 | 100.0 |   0.0 |   0.0 |   0.0 | 269.0
               +-------+-------+-------+-------+-------+----------------------

Table legend:
 A = Kills in this place as a percentage of kills in entire the game.
 B = Kills by you in this place as a percentage of kills by you in the entire game.
 C = Kills by friends in this place as a percentage of kills by friends in the entire game.
 D = Other kills in this place as a percentage of other kills in the entire game.
 E = Experience gained in this place as a percentage of experience gained in the entire game.
 F = Experience gained in this place divided by the number of levels of this place that you have seen.
                   A       B       C       D       E      F
               +-------+-------+-------+-------+-------+----------------------
         Total | 100.0 | 100.0 |  -nan |  -nan | 100.0 |  38.8
       Dungeon | 100.0 | 100.0 |  -nan |  -nan | 100.0 |  38.8
               +-------+-------+-------+-------+-------+----------------------

Vault maps used:
D:1:      zelgadis_glass_arrival_small, hex_intersection
D:2:      minitemple, hangedman_abyss_or_decor_stabs
D:3:      old_standard_altar
D:4:      serial_shops, shop, shop, nicolae_shop_stone,
          nicolae_shop_statue_plus, kennysheep_little_box, first_bread
